 Dungeon Crawl Stone Soup version 0.21.0-3-g78d12a8 (console) character file.

39 ahub the Shield-Bearer (level 3, 0/23 HPs)
             Began as a Gargoyle Fighter on Jan 12, 2018.
             Slain by Sigmund
             ... wielding a +0 scythe
              (14 damage)
             ... on level 2 of the Dungeon.
             The game lasted 00:02:12 (1375 turns).

ahub the Shield-Bearer (Gargoyle Fighter)           Turns: 1375, Time: 00:02:12

Health: 0/23       AC: 10    Str: 20    XL:     3   Next: 45%
Magic:  3/3        EV:  7    Int:  8    God:
Gold:   125        SH:  0    Dex:  9    Spells: 2/2 levels left

rFire    . . .     SeeInvis .   a - +0 flail
rCold    . . .     Gourm    .   c - +0 shield
rNeg     + . .     Faith    .   b - +0 scale mail
rPois    ∞         Spirit   .   (no helmet)
rElec    +         Reflect  .   (no cloak)
rCorr    .         Harm     .   (no gloves)
MR       .....                  (no boots)
Stlth    ..........             (no amulet)
HPRegen  0.07/turn              (no ring)
MPRegen  0.08/turn              (no ring)

@: confused
A: negative energy resistance 1, electricity resistance, unbreathing,
petrification resistance, rot immunity, AC +3
a: no special abilities


You were on level 2 of the Dungeon.
You were not hungry.

You visited 1 branch of the dungeon, and saw 2 of its levels.

You collected 125 gold pieces.

Inventory:

Hand Weapons
 a - a +0 flail (weapon)
Armour
 b - a +0 scale mail (worn)
 c - a +0 shield (worn)
 j - +0 steam dragon scales
Scrolls
 e - a scroll of enchant armour {unknown}
 i - a scroll of amnesia {unknown}
 k - a scroll of noise {unknown}
 l - 2 scrolls of enchant weapon {unknown}
 m - 2 scrolls of identify {unknown}
 n - a scroll of teleportation {unknown}
Potions
 d - 2 potions of might
 h - a potion of mutation {unknown}
Comestibles
 f - 4 rations
 g - 3 chunks of flesh


   Skills:
 + Level 3.3 Fighting
 + Level 2.5 Maces & Flails
 + Level 3.6 Armour
 + Level 0.1 Dodging
 + Level 0.1 Stealth
 + Level 4.1 Shields


You had 2 spell levels left.
You didn't know any spells.

Dungeon Overview and Level Annotations

Branches:
Dungeon (2/15)

Altars:
Nemelex Xobeh
Ru

Annotations:
D:2 Sigmund


Innate Abilities, Weirdness & Mutations

You are resistant to torment.
Your stone body is resilient. (AC +3)
You are immune to poison.
You resist negative energy. (rN+)
You are resistant to electric shocks. (rElec)
You can survive without breathing.
You are immune to petrification.
You are immune to rotting.


Message History

No target in view!
No target in view!
No target in view!
No target in view!
No target in view!
No target in view!
No target in view!
No target in view!
No target in view!
You miss something. You block something's attack.
You sock something!
You hear some strange, mumbled words.
You are confused.
Something hits you.
A rat comes into view.
You're too confused to move!
You bump into the rock wall.
Something hits you.
You bump into the rock wall.
Something hits you!
Ouch! That really hurt!
You die...

#.... .# #.....#.#
.....#.# ....#.. ...#.###
# #.#....
#.##.##.##r#####.#
#.........{.......
.##.##.##.#####. ##. #.
#.##. #.##@# ⌠.⌠ #.
#....##.##.# #. #. _. #.
#......#.# .##.# ⌠.#.
#......#)#####..#.# .#.
#......'........... '.
#......#..#####.#.# #.
#......#..# #.#.######.
#......#..# #.#...)....
#......#.(# #.....)....
#......#..#####.#.####...
#...............#.# #...


You could see a rat.

Vanquished Creatures
  An ooze (D:1)
  A worm (D:2)
  A leopard gecko (D:1)
  3 bats (D:1)
  2 giant cockroaches (D:1)
  4 goblins
  4 hobgoblins
  2 jackals (D:1)
  A frilled lizard (D:1)
  6 kobolds
  5 rats
30 creatures vanquished.

Notes
Turn   | Place    | Note
-------+----------+-------------------------------------------
     0 | D:1      | ahub the Gargoyle Fighter began the quest for the Orb.
     0 | D:1      | Reached XP level 1. HP: 14/14 MP: 1/1
    21 | D:1      | Reached XP level 2. HP: 9/19 MP: 2/2
   281 | D:1      | Reached skill level 4 in Shields
   654 | D:1      | Reached XP level 3. HP: 21/23 MP: 3/3
  1177 | D:2      | Found a sacrificial altar of Ru.
  1280 | D:2      | Found a sparkling altar of Nemelex Xobeh.
  1366 | D:2      | Noticed Sigmund
  1375 | D:2      | Slain by Sigmund

Skill      XL: |  1  2 |
---------------+-------+-----
Shields        | 4 |  4.1
Fighting       | |  3.3
Maces & Flails | |  2.5
Armour         | |  3.6
Dodging        | |  0.1
Stealth        | |  0.1

Action                   || total
-------------------------++-------
Melee: Flail             ||    88
  Eat: Chunk             ||     2
Armor: Scale mail        ||    46
Dodge: Dodged            ||    34
Block: Shield            ||    49
